Unix NetHack Version 5.0.0-0 post-release - last build May  4 2026 22:22:43 (774f63e81ad911689b3a0859ea89b322d5daca8d,branch:main).

Game began 2026-05-06 07:10:08, ended 2026-05-06 07:39:30.

BSL2425737, lawful female dwarven Valkyrie

     -------
     |.....|
     |.....|
     |......####
     |.....|   ######    -----
     |`....|        #####|...|
     ----.--            #-....##
        ##               |...|#
        #                |...|#
      ###                -----#
      #                    ####
      #                  ###
     ##                  #
    ##              ######
   -.---      ####### #
   |...|      #------ #
   |..<|     ##-.@..:##
   |...+     ##|.@.{|
   -----       ------

BSL2425737 the Skirmisher   St:18/04 Dx:10 Co:17 In:7 Wi:11 Ch:9  Lawful
Dlvl:5  $:34 HP:0(29) Pw:5(5) AC:6  Xp:3 T:1103 

Latest messages:
 You find a hidden door.
 The door resists!
 The door opens.
 You hit the leprechaun!
 The leprechaun wakes up!
 The leprechaun screams!
 The iguana bites!
 The leprechaun hits!
 Your purse feels lighter.
 The leprechaun vanishes and reappears close by.
 You hit the iguana!
 You miss the iguana.
 The iguana bites!
 You miss the iguana.
 The iguana bites!
 You miss the iguana.
 The iguana misses!
 The werejackal misses!
 The werejackal changes into a jackal.
 The werejackal bites!
 The werejackal bites!
 The werejackal bites!
 You hit the werejackal!
 The werejackal bites!
 You kill the werejackal!
 There is a fountain here.
 You see here 15 gold pieces.
 $ - 15 gold pieces (34 in total).
 You fall into a pit!
 You land on a set of sharp iron spikes!
 You are still in a pit.
 You are still in a pit.
 You are still in a pit.
 You are still in a pit.
 You are still in a pit.
 You crawl to the edge of the pit.
 The iguana bites!
 You miss the iguana.
 The iguana bites!
 You miss the iguana.
 The iguana misses!
 The werejackal falls into a pit!
 The werejackal hits!
 The werejackal hits!
 You die...
 Do you want your possessions identified? [ynq] (y) y
 Do you want to see your attributes? [ynq] (y) y
 Do you want an account of creatures vanquished? [ynaq] (y) y
 Do you want to see your conduct and achievements? [ynq] (y) y
 Do you want to see the dungeon overview? [ynq] (y) y

Inventory:
 Coins    ('$')
  $ - 34 gold pieces
 Weapons  (')')
  o - 9 +0 darts
  p - a poisoned +0 dart
  b - 2 +0 daggers (alternate weapons; not wielded)
  a - a blessed +1 dwarvish spear (weapon in right hand)
  e - a +0 halberd
 Armor    ('[')
  c - an uncursed +3 small shield (being worn)
  r - an uncursed +0 dwarvish cloak
 Comestibles  ('%')
  d - 2 uncursed food rations
  h - 2 uncursed lichen corpses
 Potions  ('!')
  i - an uncursed potion of confusion
  q - an uncursed potion of invisibility
  k - an uncursed potion of object detection
 Tools    ('(')
  j - an uncursed unlocked large box containing 1 item
  f - an uncursed skeleton key
 Gems/Stones  ('*')
  m - an uncursed worthless piece of orange glass

Contents of the large box:
  an uncursed potion of oil

BSL2425737 the Valkyrie's attributes:

Background:
 You were a Skirmisher, a level 3 dwarven Valkyrie.
 You were lawful, nominally on a mission for Tyr
 who was opposed by Odin (neutral) and Loki (chaotic).
 You were right-handed.
 You were in the Dungeons of Doom, on level 5.
 You entered the dungeon 1103 turns ago.
 You had 65 experience points, 15 more were needed to attain level 4.

Basics:
 You had 0 out of 29 hit points.
 You had all 5 energy points (spell power).
 Your armor class was 6.
 Your wallet contained 34 zorkmids.
 Autopickup was off.

Final Characteristics:
 Your strength was 18/04 (limit:18/100).
 Your dexterity was 10 (limit:20).
 Your constitution was 17 (limit:20).
 Your intelligence was 7 (limit:16).
 Your wisdom was 11 (limit:16).
 Your charisma was 9 (limit:16).

Final Status:
 You weren't hungry.
 You were unencumbered.
 You were wielding a spear.
 You had basic skill with spear.

Final Attributes:
 You were devoutly aligned.
 You were cold resistant.
 You had infravision.
 You were stealthy.
 You are dead.

Miscellaneous:
 You didn't encounter any bones levels.
 Total elapsed playing time was 29 minutes and 20 seconds.

Major events:
 Turn
    1: BSL2425737 the lawful dwarven Valkyrie entered the dungeon
  612: attained the rank of Skirmisher (level 3)
 1103: killed by a werejackal

You didn't know any spells.

Skills:
 Fighting Skills
   bare handed combat [Unskilled]
   two weapon combat  [Unskilled]
   riding             [Unskilled]
 Weapon Skills
   dagger             [Basic]
   axe                [Unskilled]
   pick-axe           [Unskilled]
   short sword        [Unskilled]
   broadsword         [Unskilled]
   long sword         [Unskilled]
   two-handed sword   [Unskilled]
   saber              [Unskilled]
   hammer             [Unskilled]
   quarterstaff       [Unskilled]
   polearms           [Unskilled]
   spear              [Basic]
   trident            [Unskilled]
   lance              [Unskilled]
   sling              [Unskilled]
 Spellcasting Skills
   attack spells      [Unskilled]
   escape spells      [Unskilled]

Voluntary challenges:
 Character rerolling was not enabled.
 You followed a strict vegan diet.
 You were an atheist.
 You were illiterate.
 You never genocided any monsters.
 You never polymorphed an object.
 You never changed form.
 You used no wishes.
Achievements:
 You attained the rank of Skirmisher.
 You entered a shop.

 The Dungeons of Doom: levels 1 to 5
    Level 1:
    Level 2:
    Level 3:
       A general store, some fountains.
    Level 4:
       A sink.
    Level 5: <- You were here.
       A fountain.
       Final resting place for
          you, killed by a werejackal.


Vanquished creatures:
  a werejackal
  2 gas spores
  2 hobbits
  a large kobold
  a giant rat
  2 foxes
  a goblin
  3 sewer rats
  2 lichens
  2 newts
17 creatures vanquished.

No species were genocided or became extinct.

Game over:
                       ----------
                      /          \
                     /    REST    \
                    /      IN      \
                   /     PEACE      \
                  /                  \
                  |    BSL2425737    |
                  |      34 Au       |
                  |   killed by a    |
                  |    werejackal    |
                  |                  |
                  |                  |
                  |       2026       |
                 *|     *  *  *      | *
        _________)/\\_//(\/(/\)/\//\/|_)_______

Farvel BSL2425737 the Valkyrie...

You died in The Dungeons of Doom on dungeon level 5 with 491 points,
and 34 pieces of gold, after 1103 moves.
You were level 3 with a maximum of 29 hit points when you died.

